 Dungeon Crawl Stone Soup version 0.30-a0-125-g51eefa89be (webtiles) character file.

Game seed: 15819338566759573225

4845 enile the Nimble (level 10, -5/60 HPs)
             Began as a Vampire Enchanter on Sept 18, 2022.
             Was a Believer of Fedhas.
             Slain by a wight
             ... wielding a +4 great sword
              (19 damage)
             ... on level 8 of the Dungeon.
             The game lasted 00:16:15 (9245 turns).

enile the Nimble (Vampire Enchanter)                Turns: 9245, Time: 00:16:15

Health: -5/60      AC:  3    Str:  7    XL:     10   Next: 25%
Magic:  8/13       EV: 20    Int: 19    God:    Fedhas [**....]
Gold:   65         SH:  0    Dex: 18    Spells: 5/13 levels left

rFire   . . .      SeeInvis +    D - +1 dagger (elec)
rCold   + + .      Faith    .    E - orb {mayhem}
rNeg    + + +      Spirit   .    C - +0 leather armour {Will+}
rPois   ∞          Reflect  .    (no helmet)
rElec   .          Harm     .    P - scarf {shadows}
rCorr   .          Rampage  .    (no gloves)
Will    +++..                    (no boots)
Stlth   +++++.....               f - amulet of the acrobat
HPRegen 0.20/turn                G - +4 ring of evasion
MPRegen 0.13/turn                I - ring of willpower

@: bloodless
A: bloodless, fangs 3, see invisible, vampiric 2
a: Bat Form, Revivify, Renounce Religion, Wall of Briars


You were on level 8 of the Dungeon.
You worshipped Fedhas.
Fedhas was pleased with you.
You visited 1 branch of the dungeon, and saw 8 of its levels.

You collected 375 gold pieces.
You spent 310 gold pieces at shops.

Inventory:

Hand Weapons
 a - a +1 dagger
 k - a +2 dagger of freezing
 B - a +0 rapier
 D - a +1 dagger of electrocution (weapon)
Missiles
 l - 2 curare-tipped darts (quivered)
 x - 10 poisoned darts
 F - 4 javelins
Armour
 b - a +0 robe
 o - a +2 cloak
 C - a +0 leather armour of willpower (worn)
 E - an orb of mayhem (worn)
 P - a scarf of shadows (worn)
Jewellery
 f - an amulet of the acrobat (around neck)
 w - a ring of magical power
 G - a +4 ring of evasion (left hand)
 I - a ring of willpower (right hand)
 O - an amulet of faith
Wands
 n - a wand of roots (9)
 q - a wand of flame (12)
 L - a wand of paralysis (6)
Scrolls
 d - a scroll of enchant armour
 g - 2 scrolls of identify
 j - 2 scrolls of amnesia
 t - a scroll of teleportation
 y - 2 scrolls of noise
 H - 2 scrolls of blinking
 J - a scroll of immolation
 M - a scroll of butterflies
Potions
 c - 6 potions of invisibility
 e - a potion of lignification
 h - 7 potions of curing
 i - a potion of ambrosia
 m - 3 potions of might {unknown}
 p - a potion of brilliance {unknown}
 r - 4 potions of flight
 s - 2 potions of degeneration {unknown}
 u - 2 potions of heal wounds
 v - a potion of attraction
 z - 2 potions of cancellation {unknown}
 A - a potion of mutation {unknown}
 N - a potion of berserk rage {unknown}


   Skills:
 - Level 6.0 Fighting
 - Level 5.0 Short Blades
 - Level 4.0 Throwing
 - Level 8.0 Dodging
 - Level 7.0 Stealth
 - Level 2.0 Unarmed Combat
 + Level 2.2 Spellcasting
 - Level 5.0 Hexes
 - Level 2.0 Ice Magic
 - Level 5.0 Invocations
 - Level 5.0 Evocations


You had 5 spell levels left.
You knew the following spells:

 Your Spells              Type           Power      Damage    Failure   Level
a - Ensorcelled Hibernat  Hex/Ice        30%        N/A       9%          2
b - Confusing Touch       Hex            21%        N/A       10%         3
c - Tukima's Dance        Hex            21%        N/A       10%         3

Your spell library contained the following spells:

 Spells                   Type           Power      Damage    Failure   Level
 Beastly Appendage        Tmut           4%         N/A       26%         1
 Dazzling Flash           Conj/Hex       22%        N/A       26%         3
 Portal Projectile        Hex/Tloc       22%        N/A       26%         3
 Wereblood                Tmut           2%         N/A       36%         2
 Spider Form              Tmut/Pois      2%         N/A       58%         3
 Blade Hands              Tmut           1%         N/A       100%        5


Dungeon Overview and Level Annotations

Branches:
Dungeon (8/15)             Temple (0/1) D:4
   Lair: D:8-11

Altars:
Fedhas
Okawaru
Ru
Sif Muna
Wu Jian

Shops:
D:3 *!   D:7 *

Annotations:
D:6 exclusion: door
D:7 2 runed translucent doors, Newt's ghost, novice DsGl


Innate Abilities, Weirdness & Mutations

You do not regenerate when monsters are visible.
You are frail without blood (-20% HP).
You can heal yourself when you bite living creatures.
You are immune to poison.
You have razor-sharp teeth.
You have supernaturally acute eyesight. (SInv)
You are afflicted with vampirism and can become a bat while bloodless.


Message History

The wight closely misses you. x2
You walk carefully through the plants.
The wight hits something with a +4 great sword!
The wight hits the wight with a +4 great sword!!
The wight is destroyed!
Fedhas accepts your kill.
The wight hits your briar patch with a +4 great sword!!
The wight drains your briar patch!
Your briar patch is destroyed!
You feel extremely guilty.
You can no longer transform dungeon walls and trees into plant allies.
Your briar patch disappears in a puff of smoke!
A briar patch grows up from the ground. x7
You walk carefully through the plants.
The wight hits your briar patch with a +4 great sword!!
The wight is struck by your briar patch's thorns.
The wight hits your briar patch with a +4 great sword!!
Your briar patch is destroyed!
You feel extremely guilty.
You can no longer grow a ballistomycete.
Your briar patch disappears in a puff of smoke!
Throw: 2 darts (atropa)
Press: ? - help, Q - select action, (/) - cycle Shift-Dir - straight line, f - wight
Aim: a wight, wielding a +4 great sword and wearing a +0 robe (almost destroyed, fast, strong, frenzied and insane, ally target, 66% to hit, immune)
You throw an atropa-tipped dart. Fedhas protects your plant from harm.
The atropa-tipped dart barely misses the wight.
Throw: dart (atropa)
Press: ? - help, Q - select action, (/) - cycle Shift-Dir - straight line, f/p - wight
Aim: a wight, wielding a +4 great sword and wearing a +0 robe (almost destroyed, fast, strong, frenzied and insane, ally target, 66% to hit, immune)
You throw an atropa-tipped dart. Fedhas protects your plant from harm.
The atropa-tipped dart closely misses the wight.
Aiming: Paralyse
Press: ? - help, Shift-Dir - straight line, f/p - wight
Aim: a wight, wielding a +4 great sword and wearing a +0 robe (almost destroyed, fast, strong, frenzied and insane, ally target, chance to affect: 62%)
The wight resists with significant effort.
The wight hits you with a +4 great sword!!
You die...
Fedhas appreciates your contribution to the ecosystem.

#................
......~..[#######
#....~...#
#........#
#........#
#####.#### ## #.#
#. ########.# #z
#P@P.....# #.
#PzP.#####
#####)##PP..#
#....))'....#
..#..###P..(#
.... #....# #>#
#.(..# # ######


You could see a neutral wight (fast, strong, insane, ally target).

Vanquished Creatures
  An ugly thing (D:6)
  Grinder (D:3)
  Sigmund (D:3)
  A wraith (D:6)
  Eustachio (D:4)
  4 yaks
  A steam dragon (D:8)
  Duvessa (D:6)
  2 water moccasins
  2 orc warriors (D:6)
  2 sky beasts (D:7)
  2 ice beasts (D:6)
  An ogre (D:6)
  A centaur (D:7)
  2 phantoms
  A necrophage (D:7)
  2 bullfrogs
  3 scorpions
  4 wights
  3 howler monkeys
  5 orc priests
  2 gnoll boudas
  3 hounds
  A jelly (D:4)
  4 iguanas
  Natasha (thrice) (D:3)
  2 orc wizards (D:7)
  2 gnolls (D:7)
  7 adders
  A white imp (D:6)
  2 worms (D:2)
  2 dart slugs
  28 orcs
  7 ball pythons
  6 bats
  5 endoplasms
  A giant cockroach (D:4)
  9 goblins
  A hobgoblin (D:4)
  5 jackals
  9 kobolds
  2 quokkas
  2 frilled lizards (D:1)
  11 rats
156 creatures vanquished.

Vanquished Creatures (collateral kills)
  A yak (D:5)
  A dancing weapon (D:7)
  A bullfrog (D:5)
  2 wights
  Dowan (D:6)
  An orc wizard (D:7)
  2 gnolls (D:7)
  2 orcs
11 creatures vanquished.

Vanquished Creatures (others)
  A sky beast (D:7)
  A centaur (D:7)
  An orc wizard (D:5)
  A gnoll (D:7)
  2 orcs (D:7)
  A goblin (D:4)
  15 plants (D:8)
22 creatures vanquished.

Grand Total: 189 creatures vanquished

Notes
Turn   | Place    | Note
-------+----------+-------------------------------------------
     0 | D:1      | enile the Vampire Enchanter began the quest for the Orb.
     0 | D:1      | Reached XP level 1. HP: 13/13 MP: 3/3
    47 | D:1      | Found a faded altar of an unknown god.
    65 | D:1      | Prayed at the altar of an unknown god.
    65 | D:1      | Became a worshipper of Fedhas Madash
    65 | D:1      | Reached * piety under Fedhas
   193 | D:1      | Reached skill level 1 in Fighting
   222 | D:1      | Reached XP level 2. HP: 15/21 MP: 5/5
   302 | D:1      | Learned a level 2 spell: Ensorcelled Hibernation
   502 | D:1      | Reached skill level 3 in Dodging
  1094 | D:2      | Reached skill level 5 in Stealth
  1110 | D:2      | Gained mutation: You are afflicted with vampirism and can
                  | become a bat while bloodless. [Vampire growth]
  1110 | D:2      | Reached XP level 3. HP: 26/26 MP: 6/6
  1554 | D:2      | Reached ** piety under Fedhas
  1639 | D:2      | HP: 1/20 [adder (1)]
  2200 | D:2      | Reached XP level 4. HP: 25/25 MP: 7/7
  2280 | D:2      | Reached skill level 1 in Invocations
  2506 | D:3      | Noticed Grinder
  2507 | D:3      | Paralysed by Grinder for 3 turns
  2625 | D:3      | Noticed Natasha
  2630 | D:3      | Killed Natasha
  2634 | D:3      | Noticed Natasha
  2649 | D:3      | Killed Natasha
  2650 | D:3      | Reached XP level 5. HP: 16/29 MP: 8/8
  2666 | D:3      | Noticed Natasha
  2671 | D:3      | Killed Natasha
  2746 | D:3      | Noticed Sigmund
  2758 | D:3      | Killed Sigmund
  2759 | D:3      | Reached XP level 6. HP: 36/36 MP: 4/9
  2972 | D:3      | Found a sacrificial altar of Ru.
  3026 | D:3      | Learned a level 3 spell: Confusing Touch
  3120 | D:3      | Paralysed by Grinder for 3 turns
  3128 | D:3      | Killed Grinder
  3129 | D:3      | Reached XP level 7. HP: 36/43 MP: 6/10
  3131 | D:3      | Reached *** piety under Fedhas
  3288 | D:3      | Found a shimmering blue altar of Sif Muna.
  3370 | D:3      | Found Let Wyj's Distillery.
  3401 | D:3      | Bought a potion of heal wounds for 70 gold pieces
  3401 | D:3      | Bought a potion of flight for 42 gold pieces
  3401 | D:3      | Bought a potion of attraction for 42 gold pieces
  3401 | D:3      | Found Zin's Purification Station.
  4313 | D:4      | Noticed Eustachio
  4318 | D:4      | Killed Eustachio
  4319 | D:4      | Reached skill level 5 in Short Blades
  4319 | D:4      | Reached skill level 1 in Throwing
  4457 | D:4      | Found a staircase to the Ecumenical Temple.
  4816 | D:5      | Entered Level 5 of the Dungeon
  4866 | D:5      | Reached XP level 8. HP: 48/48 MP: 6/11
  4933 | D:5      | Reached skill level 1 in Evocations
  4998 | D:5      | You fall into a shaft and drop 2 floors!
  4998 | D:7      | Found a large runed translucent door.
  4998 | D:7      | Found a large runed translucent door.
  4999 | D:7      | Noticed Newt's ghost (novice DsGl)
  5337 | D:5      | Reached **** piety under Fedhas
  5464 | D:5      | Found an ornate altar of the Wu Jian Council.
  6129 | D:6      | Reached skill level 4 in Dodging
  6151 | D:5      | Reached skill level 5 in Dodging
  6309 | D:6      | Reached skill level 6 in Dodging
  6449 | D:6      | Learned a level 3 spell: Tukima's Dance
  6484 | D:6      | Noticed a brown ugly thing
  6756 | D:6      | Noticed Dowan
  6757 | D:6      | Noticed Duvessa
  6785 | D:6      | Killed Duvessa
  6787 | D:6      | Killed Dowan
  6788 | D:6      | Reached XP level 9. HP: 33/52 MP: 3/12
  7007 | D:6      | Reached skill level 5 in Invocations
  7182 | D:6      | Reached skill level 5 in Fighting
  7360 | D:6      | Killed a brown ugly thing
  7688 | D:6      | Reached skill level 5 in Evocations
  8116 | D:7      | Reached skill level 5 in Hexes
  8117 | D:7      | Reached XP level 10. HP: 55/60 MP: 10/13
  8663 | D:7      | Reached skill level 7 in Dodging
  8684 | D:7      | Found Tiuha's Neck Hole.
  8719 | D:7      | Bought a scarf of shadows for 156 gold pieces
  8912 | D:7      | Found an iron altar of Okawaru.
  9235 | D:8      | Reached skill level 8 in Dodging
  9245 | D:8      | Slain by a wight

Illustrated notes

Levels and vault maps discovered:
D:1:      wheals_arrival_linesprint, layout_loops_ring,
          shapermc_ecumenical_altar_starsandcircs, grunt_decor_cap,
          palyth_stone_intersect, minmay_small_reverse_x
D:2:      layout_loops_ring, grunt_decor_arrowhead, minmay_quantized
D:3:      layout_rooms, nicolae_ru_path_of_blood,
          mainiacjoe_overflow_concentric_impassable, zin_purify, serial_shops,
          shop, st_stairs_4, minmay_statues_item, uniq_sigmund, uniq_grinder,
          uniq_natasha
D:4:      layout_loops_ring, minmay_temple_entry_fiery, uniq_eustachio
D:5:      layout_gridville, pdpol_wu_jian_five_deadly_venoms,
          lemuel_flame_loot_1
D:6:      minmay_opposing_rooms, layout_cave_pools, uniq_duvessa
D:7:      layout_rooms, mainiacjoe_overflow_six_doors_small,
          ebering_ghost_disaster_area, nicolae_concentric_dashed_squares_wild,
          hangedman_abyss_or_decor_lesser_grid,
          nicolae_shop_sticking_my_neck_out
D:8:      layout_basic, chequers_big_river, lemuel_flamethrower_2

Skill      XL: |  1  2  3  4  5  6  7  8  9 10 |
---------------+-------------------------------+-----
Fighting       | 1 2 4 6 |  6.0
Dodging        | 3 6 8 |  8.0
Stealth        | 5 6 7 |  7.0
Short Blades   | 3 5 |  5.0
Invocations    | 2 3 4 5 |  5.0
Throwing       | 3 4 |  4.0
Evocations     | 3 5 |  5.0
Unarmed Combat | 2 |  2.0
Ice Magic      | 2 |  2.0
Hexes          | 5 |  5.0
Spellcasting   | |  2.2

Action                   |  1- 3 |  4- 6 |  7- 9 | 10-12 || total
-------------------------+-------+-------+-------+-------++-------
Melee: Dagger            |   108 |    76 |   265 |    49 ||   498
       Bite              |     6 |     7 |    28 |     2 ||    43
       Punch             |     1 |       |       |       ||     1
Throw: Dart              |       |     2 |    17 |     4 ||    23
 Cast: Ensorcelled Hiber |     6 |     6 |    37 |    11 ||    60
       Confusing Touch   |       |     2 |     6 |       ||     8
       Tukima's Dance    |       |       |     3 |     3 ||     6
Invok: Wall of Briars    |       |       |     2 |     3 ||     5
 Abil: Exsanguinate      |     1 |       |       |       ||     1
Evoke: Wand              |     1 |       |     4 |     1 ||     6
  Use: Potion            |     2 |       |     1 |     1 ||     4
       Scroll            |     2 |     4 |     7 |       ||    13
 Stab: Sleeping          |    13 |     9 |    32 |    10 ||    64
       Confused          |       |     4 |     1 |       ||     5
       Paralysed         |       |       |     2 |       ||     2
       Invisible         |       |       |     1 |       ||     1
Armor: Skin              |    11 |       |       |       ||    11
       Robe              |    15 |    16 |    12 |       ||    43
       Leather armour    |       |       |    20 |     6 ||    26
Dodge: Dodged            |    40 |    26 |   181 |    41 ||   288

Table legend: (Time is in decaauts)
 A = Elapsed time spent in this place.
 B = Non-inter-level travel time spent in this place.
 C = Inter-level travel time spent in this place.
 D = Time resting spent in this place.
 E = Time spent auto-exploring this place.
 F = Levels seen in this place.
 G = Mean time per level.
                   A        B        C        D        E       F      G
               +--------+--------+--------+--------+--------+-----+--------+
         Total |   9169 |   8716 |    453 |    437 |   6785 |   8 | 1146.1 |
       Dungeon |   9169 |   8716 |    453 |    437 |   6785 |   8 | 1146.1 |
               +--------+--------+--------+--------+--------+-----+--------+

Top non-repeatable levels by time:
     D:6: 1923 daAuts
     D:5: 1448 daAuts
     D:2: 1374 daAuts
     D:1: 1236 daAuts
     D:4: 1142 daAuts
     D:3: 1029 daAuts
     D:7: 822 daAuts
     D:8: 192 daAuts
